 Dungeon Crawl Stone Soup version 0.26-a0-1184-g95e395e029 (webtiles) character file.

Game seed: 10639144284950117167

1098 dolemite99 the Slinger (level 8, -1/94 HPs)
             Began as a Gnoll Hunter on Dec 28, 2020.
             Slain by an orc warrior
             ... wielding a +1 long sword of holy wrath
              (7 damage)
             ... on level 6 of the Dungeon.
             The game lasted 00:11:10 (5454 turns).

dolemite99 the Slinger (Gnoll Hunter)               Turns: 5454, Time: 00:11:11

Health: -1/94      AC: 28    Str: 16    XL:     8   Next: 32%
Magic:  12/12      EV:  2    Int: 13    God:
Gold:   21         SH:  0    Dex: 17    Spells: 13/13 levels left

rFire    . . .     SeeInvis .   a - +2 hunting sling
rCold    . . .     Faith    .   (no shield)
rNeg     + + +     Spirit   .   (armour currently unavailable)
rPois    +         Reflect  .   (helmet currently unavailable)
rElec    .         Harm     .   (cloak currently unavailable)
rCorr    .         Rampage  .   (gloves currently unavailable)
Will     .....     Clarity  +   (boots currently unavailable) Stlth +++++.....NoTele +
                                (no amulet)
HPRegen  0.25/turn              n - +4 ring of protection {=R}
MPRegen  0.13/turn              z - ring of stealth

@: mighty, brilliant, tree-form, very slightly contaminated, hasted, invisible,
very quick
A: distributed training, thin skeletal structure 1, clarity, dopey 1, strong
nose
a: no special abilities


You were on level 6 of the Dungeon.
You were a tree.
You visited 1 branch of the dungeon, and saw 6 of its levels.

You collected 268 gold pieces.
You spent 247 gold pieces at shops.

Inventory:

Hand Weapons
 a - a +2 hunting sling (weapon)
 b - a +0 rapier
 s - a +0 falchion
 A - a +0 short sword
Missiles
 e - 5 boomerangs
 j - 11 sling bullets
 m - 95 stones (quivered ammo)
 u - 8 poisoned darts
 w - 6 javelins
Armour
 d - a +0 plate armour (melded)
 h - a +1 cloak (melded)
 v - a +2 pair of boots (melded)
Jewellery
 n - a +4 ring of protection (left branch) {=R}
 t - an uncursed ring of flight
 z - a ring of stealth (right branch)
Wands
 k - a wand of disintegration (18)
 y - a wand of polymorph (7)
 G - a wand of digging (4)
 I - a wand of flame (21)
Scrolls
 i - 2 scrolls of fog
 r - 9 scrolls of remove curse {@r2}
 E - a scroll of fear
 F - a scroll of magic mapping
Potions
 f - a potion of attraction
 l - 3 potions of resistance


   Skills:
 + Level 5.6 Fighting
 + Level 3.1 Short Blades
 + Level 3.1 Long Blades
 + Level 3.1 Axes
 + Level 3.1 Maces & Flails
 + Level 3.1 Polearms
 + Level 3.1 Staves
 + Level 9.1 Slings
 + Level 3.1 Bows
 + Level 3.1 Crossbows
 + Level 3.1 Throwing
 + Level 3.1 Armour
 + Level 5.6 Dodging
 + Level 4.0 Stealth
 + Level 3.1 Shields
 + Level 3.1 Unarmed Combat
 + Level 3.1 Spellcasting
 + Level 2.5 Conjurations
 + Level 2.5 Hexes
 + Level 2.5 Summonings
 + Level 2.5 Necromancy
 + Level 2.5 Translocations
 + Level 2.5 Transmutations
 + Level 2.5 Fire Magic
 + Level 2.5 Ice Magic
 + Level 2.5 Air Magic
 + Level 2.5 Earth Magic
 + Level 2.5 Poison Magic
 + Level 3.5 Invocations
 + Level 3.1 Evocations


You had 13 spell levels left.
You didn't know any spells.
Your spell library was empty.

Dungeon Overview and Level Annotations

Branches:
Dungeon (6/15)
 Temple: D:4-7

Altars:
Cheibriados
Qazlal
Sif Muna

Shops:
D:6 *

Annotations:
D:3 1 runed translucent door, exclusion: downstairs, Crazy Yiuf
D:4 Dowan, Duvessa
D:6 exclusion: door


Innate Abilities, Weirdness & Mutations

Your experience applies equally to all skills.
((You have very sharp teeth.))
Your uncanny sense of smell can sniff out nearby items.
You have a somewhat thin skeletal structure. (Dex +2, Stealth)
You possess an exceptional clarity of mind.
You are dopey. (Int -2)


Message History

The orc priest hits you but does no damage.
Really quaff the potion of attraction? [Y]es or [N]o only, please.
Really quaff the potion of attraction?
Okay, then.
It was a potion of mutation.
You feel extremely strange.
Your bones become slightly less dense.
You feel stupid.
Your thoughts seem clearer.
The orc warrior hits you but does no damage.
The orc hits you but does no damage.
It was a potion of brilliance.
You feel clever all of a sudden.
The orc priest hits you but does no damage.
The orc hits you but does no damage.
The orc warrior hits you but does no damage.
It was a potion of haste.
You feel yourself speed up.
The orc priest hits you but does no damage.
The orc hits you but does no damage.
The orc warrior hits you with a +1 long sword of holy wrath!
You die...

...#.##..###...[# #.......##.#
##.#.....# ####.###..........##
#.....### #.................#
##.....######.................#
#..........>........#.........#
......#####..###..#...##..#####
.#....#####..'∩'..#...##..#
............)###.o.......##
)...#.....#.(..o♣##...#..#
.......##....[..o#..######
..###..##....##..(..###
#..##..............o.(o(#
##..##...####....##.####.
##.......# ##......##
####...#### #####...# .....#.#
#.#.# ######.# #.# .#


You could see an orc warrior, an orc priest and an orc.

Vanquished Creatures
  Eustachio (D:5)
  Menkaure (D:6)
  An ice beast (D:5)
  An orc warrior (D:6)
  A black bear (D:6)
  A bullfrog (D:6)
  2 centaur zombies
  A bullfrog zombie (D:6)
  2 jellies
  An orc priest (D:6)
  3 orc wizards
  Natasha (twice) (D:4)
  A worker ant (D:6)
  2 hound skeletons (D:6)
  2 adders
  A white imp (D:6)
  2 ufetubi
  2 oozes
  2 worms
  3 dart slugs
  4 leopard geckos
  9 orcs
  8 giant cockroaches
  5 goblins
  8 hobgoblins
  4 jackals
  6 kobolds
  3 quokkas
  6 bats
  10 frilled lizards
  A leopard gecko zombie (D:6)
  A quokka skeleton (D:6)
  8 rats
105 creatures vanquished.

Notes
Turn   | Place    | Note
-------+----------+-------------------------------------------
     0 | D:1      | dolemite99 the Gnoll Hunter began the quest for the Orb.
     0 | D:1      | Reached XP level 1. HP: 20/20 MP: 1/1
     2 | D:1      | Noticed a formicid
     2 | D:1      | Noticed a centaur
     4 | D:1      | Noticed a draconian
     4 | D:1      | Noticed a halfling
     6 | D:1      | Noticed a dwarf
     6 | D:1      | Noticed a demonspawn
     8 | D:1      | Noticed a felid
     8 | D:1      | Noticed a vine stalker
    10 | D:1      | Noticed an elf
    12 | D:1      | Noticed a naga
    12 | D:1      | Noticed a demigod
    14 | D:1      | Noticed an octopode
    14 | D:1      | Noticed an ogre
    16 | D:1      | Noticed a vampire
    16 | D:1      | Noticed a troll
    18 | D:1      | Noticed a minotaur
    18 | D:1      | Noticed a merfolk
    20 | D:1      | Noticed a tengu
    22 | D:1      | Noticed a spriggan
    22 | D:1      | Noticed a gargoyle
    24 | D:1      | Noticed a human
    26 | D:1      | Noticed a ghoul
   152 | D:1      | Reached XP level 2. HP: 26/26 MP: 2/2
   450 | D:1      | Reached XP level 3. HP: 31/31 MP: 3/3
   943 | D:2      | Reached skill level 1 in Invocations
  1056 | D:2      | Reached skill level 1 in Short Blades
  1056 | D:2      | Reached skill level 1 in Long Blades
  1056 | D:2      | Reached skill level 1 in Axes
  1056 | D:2      | Reached skill level 1 in Maces & Flails
  1056 | D:2      | Reached skill level 1 in Polearms
  1056 | D:2      | Reached skill level 1 in Staves
  1056 | D:2      | Reached skill level 1 in Bows
  1056 | D:2      | Reached skill level 1 in Crossbows
  1056 | D:2      | Reached skill level 1 in Throwing
  1056 | D:2      | Reached skill level 1 in Armour
  1056 | D:2      | Reached skill level 1 in Shields
  1056 | D:2      | Reached skill level 1 in Unarmed Combat
  1056 | D:2      | Reached skill level 1 in Spellcasting
  1056 | D:2      | Reached skill level 1 in Evocations
  1518 | D:2      | Reached XP level 4. HP: 38/38 MP: 5/5
  1895 | D:3      | Found a snail-covered altar of Cheibriados.
  1981 | D:3      | Reached skill level 1 in Conjurations
  1981 | D:3      | Reached skill level 1 in Hexes
  1981 | D:3      | Reached skill level 1 in Summonings
  1981 | D:3      | Reached skill level 1 in Necromancy
  1981 | D:3      | Reached skill level 1 in Translocations
  1981 | D:3      | Reached skill level 1 in Transmutations
  1981 | D:3      | Reached skill level 1 in Fire Magic
  1981 | D:3      | Reached skill level 1 in Ice Magic
  1981 | D:3      | Reached skill level 1 in Air Magic
  1981 | D:3      | Reached skill level 1 in Earth Magic
  1981 | D:3      | Reached skill level 1 in Poison Magic
  2262 | D:3      | Found a runed translucent door.
  2263 | D:3      | Noticed Crazy Yiuf
  2645 | D:4      | Noticed an ogre
  2765 | D:4      | Noticed Natasha
  2768 | D:4      | Killed Natasha
  2769 | D:4      | Reached XP level 5. HP: 42/43 MP: 5/7
  2771 | D:4      | Noticed Natasha
  2780 | D:4      | Killed Natasha
  3085 | D:4      | Noticed Dowan
  3113 | D:5      | Entered Level 5 of the Dungeon
  3114 | D:5      | Found a stormy altar of Qazlal.
  3118 | D:5      | Reached XP level 6. HP: 47/50 MP: 8/8
  3119 | D:5      | Noticed Eustachio
  3138 | D:5      | Killed Eustachio
  3139 | D:5      | Reached skill level 5 in Fighting
  3139 | D:5      | Reached skill level 5 in Dodging
  3290 | D:5      | Noticed an ice beast
  3299 | D:5      | Killed an ice beast
  3300 | D:5      | Reached XP level 7. HP: 48/56 MP: 10/10
  3656 | D:4      | Noticed Duvessa
  4093 | D:6      | Reached skill level 9 in Slings
  4129 | D:6      | Found a shimmering blue altar of Sif Muna.
  4274 | D:6      | Reached XP level 8. HP: 16/63 MP: 12/12
  4889 | D:6      | Noticed Menkaure
  4893 | D:6      | Killed Menkaure
  5387 | D:6      | Found Unlakul's Assorted Antiques.
  5390 | D:6      | Bought a pair of runed boots for 247 gold pieces
  5448 | D:6      | HP: 4/94 [orc warrior/+1 long sword of holy wrath (6)]
  5452 | D:6      | Gained mutation: You have a somewhat thin skeletal
                  | structure. (Dex +2, Stealth) [potion of mutation]
  5452 | D:6      | Gained mutation: You are dopey. (Int -2) [potion of
                  | mutation]
  5452 | D:6      | Gained mutation: You possess an exceptional clarity of
                  | mind. [potion of mutation]
  5454 | D:6      | Slain by an orc warrior

Illustrated notes

Levels and vault maps discovered:
D:1:      kb_arrival_jail, layout_loops_ring, minmay_tree_intersection,
          minmay_pentomino_u4
D:2:      layout_basic
D:3:      layout_basic, kennysheep_slug_shrine, uniq_crazy_yiuf_cottage
D:4:      minmay_inner_zag, layout_basic, okawaru_trees_2, marbit_many_paths,
          lemuel_doored_altar, uniq_sigmund, uniq_duvessa, uniq_natasha
D:5:      layout_basic, basic_altar, uniq_eustachio
D:6:      layout_rooms, grunt_temple_overflow_lords_of_destruction,
          led_sif_book, serial_shops, kennysheep_mini_moat, minmay_bent,
          uniq_menkaure

Skill      XL: |  1  2  3  4  5  6  7  8 |
---------------+-------------------------+-----
Invocations    | 1 2 3 |  3.5
Short Blades   | 1 2 3 |  3.1
Long Blades    | 1 2 3 |  3.1
Axes           | 1 2 3 |  3.1
Maces & Flails | 1 2 3 |  3.1
Polearms       | 1 2 3 |  3.1
Staves         | 1 2 3 |  3.1
Bows           | 1 2 3 |  3.1
Crossbows      | 1 2 3 |  3.1
Throwing       | 1 2 3 |  3.1
Armour         | 1 2 3 |  3.1
Shields        | 1 2 3 |  3.1
Unarmed Combat | 1 2 3 |  3.1
Spellcasting   | 1 2 3 |  3.1
Evocations     | 1 2 3 |  3.1
Conjurations   | 1 2 |  2.5
Hexes          | 1 2 |  2.5
Summonings     | 1 2 |  2.5
Necromancy     | 1 2 |  2.5
Translocations | 1 2 |  2.5
Transmutations | 1 2 |  2.5
Fire Magic     | 1 2 |  2.5
Ice Magic      | 1 2 |  2.5
Air Magic      | 1 2 |  2.5
Earth Magic    | 1 2 |  2.5
Poison Magic   | 1 2 |  2.5
Stealth        | 3 4 |  4.0
Fighting       | 5 |  5.6
Dodging        | 5 |  5.6
Slings         | 9 |  9.1

Action                   |  1- 3 |  4- 6 |  7- 9 || total
-------------------------+-------+-------+-------++-------
Melee: Hunting sling     |       |       |     1 ||     1
       Bite              |       |       |     1 ||     1
 Fire: Hunting sling     |    90 |   130 |   168 ||   388
  Use: Scroll            |     3 |     7 |     5 ||    15
       Potion            |       |       |    10 ||    10
Armor: Leather armour    |     1 |     1 |       ||     2
       Chain mail        |       |    18 |    21 ||    39
       Skin              |       |       |    23 ||    23
       Plate armour      |       |       |    12 ||    12
Dodge: Dodged            |    10 |    31 |    24 ||    65

Table legend: (Time is in decaauts)
 A = Elapsed time spent in this place.
 B = Non-inter-level travel time spent in this place.
 C = Inter-level travel time spent in this place.
 D = Time resting spent in this place.
 E = Time spent auto-exploring this place.
 F = Levels seen in this place.
 G = Mean time per level.
                   A        B        C        D        E       F      G
               +--------+--------+--------+--------+--------+-----+--------+
         Total |   5373 |   5119 |    254 |   1327 |   2595 |   6 |  895.5 |
       Dungeon |   5373 |   5119 |    254 |   1327 |   2595 |   6 |  895.5 |
               +--------+--------+--------+--------+--------+-----+--------+

Top non-repeatable levels by time:
     D:6: 1611 daAuts
     D:3: 991 daAuts
     D:1: 850 daAuts
     D:2: 819 daAuts
     D:5: 633 daAuts
     D:4: 468 daAuts
